 Dungeon Crawl Stone Soup version 0.25.1-8-g42b30a86e7 (webtiles) character file.

Game seed: 1286278792319367690

154 Clowwww the Chopper (level 5, 0/47 HPs)
             Began as a Hill Orc Fighter on Dec 13, 2020.
             Was a Follower of Ashenzari.
             Slain by an orc wizard
             ... wielding a +2 dagger of electrocution
              (12 damage)
             ... on level 4 of the Dungeon.
             The game lasted 00:05:28 (2926 turns).

Clowwww the Chopper (Hill Orc Fighter)              Turns: 2926, Time: 00:05:29

Health: 0/47       AC:  8    Str: 20    XL:     5   Next: 35%
Magic:  5/5        EV:  8    Int:  8    God:    Ashenzari [*.....]
Gold:   134        SH:  0    Dex: 10    Spells: 4/4 levels left

rFire    . . .     SeeInvis .   a - +0 war axe (curse)
rCold    . . .     Gourm    .   c - +0 kite shield
rNeg     . . .     Faith    .   m - +0 scale mail (curse)
rPois    +         Spirit   .   (no helmet)
rElec    .         Reflect  .   (no cloak)
rCorr    +         Harm     .   e - +0 pair of gloves
MR       .....                  (no boots)
Stlth    ..........             (no amulet)
HPRegen  0.15/turn              h - ring of poison resistance
MPRegen  0.09/turn              k - ring of resist corrosion

@: confused, mighty
A: no striking features
a: Curse Item, Scrying, Renounce Religion


You were on level 4 of the Dungeon.
You worshipped Ashenzari.
Ashenzari was aware of your devotion.
You were hungry.

You visited 1 branch of the dungeon, and saw 4 of its levels.

You collected 134 gold pieces.

Inventory:

Hand Weapons
 a - a cursed +0 war axe (weapon)
Armour
 c - a +0 kite shield (worn)
 e - a +0 pair of gloves (worn)
 m - a cursed +0 scale mail (worn)
Jewellery
 g - an uncursed ring of ice
 h - a ring of poison resistance (left hand)
 k - a ring of resist corrosion (right hand)
Scrolls
 b - a scroll of fear {unknown}
 j - 2 scrolls of teleportation {unknown}
 l - 5 scrolls of remove curse
 o - a scroll of amnesia {unknown}
Potions
 i - 2 potions of curing {unknown}
 n - 3 potions of heal wounds {unknown}
 p - a potion of flight {unknown}
 r - a potion of degeneration {unknown}
Comestibles
 f - 2 rations


   Skills:
 + Level 4.3 Fighting
 + Level 5.0 Axes
 + Level 3.7 Armour
 + Level 1.2 Dodging
 + Level 4.0 Shields


You had 4 spell levels left.
You didn't know any spells.
Your spell library was empty.

Dungeon Overview and Level Annotations

Branches:
Dungeon (4/15)
 Temple: D:4-7

Altars:
Ashenzari
Elyvilon
Hepliaklqana
Okawaru


Message History

The orc wizard blinks!
The worker ant bites you. The scorpion stings you.
The worker ant bites you but does no damage.
You hear some strange, mumbled words.
You are more confused.
The worker ant bites you but does no damage.
Something hits you but does no damage.
You completely miss something. You barely miss the scorpion.
You miss the worker ant.
The orc wizard gestures at you while chanting.
The worker ant barely misses you. The scorpion barely misses you.
Something hits you but does no damage.
The scorpion stings you but does no damage.
The worker ant bites you but does no damage.
You completely miss something. You slash the worker ant! You miss the scorpion.
You barely miss the worm. You miss the orc wizard.
The orc wizard gestures at you while chanting.
The magic dart hits you.
* * * LOW HITPOINT WARNING * * *
Something hits you but does no damage.
You are electrocuted!
You die...

######### ######
#........ #.....#
#........
.......#####........
....................
......as####........
......{@# #........
......ow# #<.......
........# #####.###
........# #
........# .........
......... .........


You could see a worm, a scorpion, a worker ant and an orc wizard (fast).

Vanquished Creatures
  A worker ant (D:4)
  5 adders
  A worm (D:2)
  2 dart slugs
  4 leopard geckos
  2 orcs
  7 bats
  8 giant cockroaches
  8 goblins
  5 hobgoblins
  4 jackals (D:2)
  A quokka (D:2)
  4 frilled lizards
  8 kobolds
  9 rats
69 creatures vanquished.

Notes
Turn   | Place    | Note
-------+----------+-------------------------------------------
     0 | D:1      | Clowwww the Hill Orc Fighter began the quest for the Orb.
     0 | D:1      | Reached XP level 1. HP: 19/19 MP: 1/1
   180 | D:1      | Reached skill level 3 in Axes
   188 | D:1      | Reached XP level 2. HP: 17/27 MP: 2/2
   780 | D:1      | Reached XP level 3. HP: 32/33 MP: 3/3
  1088 | D:2      | Found a shattered altar of Ashenzari.
  1094 | D:2      | Became a worshipper of Ashenzari the Shackled
  1150 | D:2      | Found an iron altar of Okawaru.
  1386 | D:2      | Reached XP level 4. HP: 38/40 MP: 4/4
  1553 | D:2      | Reached skill level 1 in Dodging
  1603 | D:2      | Reached skill level 4 in Axes
  2103 | D:3      | Reached * piety under Ashenzari
  2112 | D:3      | Reached XP level 5. HP: 44/46 MP: 5/5
  2526 | D:3      | Found a white marble altar of Elyvilon.
  2527 | D:3      | Found a hazy altar of Hepliaklqana.
  2918 | D:4      | Reached skill level 5 in Axes
  2926 | D:4      | Slain by an orc wizard

Illustrated notes

Levels and vault maps discovered:
D:1:      dpeg_arrival_line_fractal, layout_basic
D:2:      layout_loops_corners, evilmike_ruin_ashenzari, lemuel_crystal_altar
D:3:      layout_basic, gammafunk_temple_overflow_statue
D:4:      layout_rooms, minmay_temple_entry_large_hall, serial_shops, shop,
          minmay_tree_intersection, uniq_menkaure

Skill      XL: |  1  2  3  4  5 |
---------------+----------------+-----
Axes           | 3 4 5 |  5.0
Fighting       | 4 |  4.3
Dodging        | 1 |  1.2
Shields        | 4 |  4.0
Armour         | |  3.7

Action                   |  1- 3 |  4- 6 || total
-------------------------+-------+-------++-------
Melee: War axe           |   137 |   107 ||   244
Invok: Curse Item        |     1 |       ||     1
  Use: Potion            |       |     1 ||     1
  Eat: Chunk             |     2 |     4 ||     6
Armor: Scale mail        |    55 |    64 ||   119
Dodge: Dodged            |    59 |    35 ||    94
Block: Kite shield       |    71 |    55 ||   126
